Map: Frostline LE

Players

junlung

  • Race: Terran Terran
  • Spawn Location: 7:00

wootwoot - Winner!

  • Race: Zerg Zerg
  • League: Platinum
  • Spawn Location: 1:00

VOD

Have the link to the VOD?

Description

Time

  • Played on: April 21, 2025, 1:44 p.m.
  • Length: 4:32
Show
View Real Time Build Order
Export as new Build Order

junlung Terran 

Build Orders:  

Get SALT Encoding   

  12  0:00  SCV  
  13  0:12  SCV  
  14  0:18  Supply Depot  
  14  0:24  SCV  
  15  0:30  Refinery  
  15  0:41  Barracks  
  15  0:44  SCV  
  16  0:56  SCV, Refinery  
  17  1:08  SCV  
  18  1:29  Reaper  
  18  1:30  Orbital Command  
  18  1:32  Supply Depot  
  19  1:42  Factory  
  19  1:57  SCV  
  20  2:08  Barracks Reactor  
  20  2:09  SCV  
  20  2:15  Supply Depot  
  21  2:21  SCV  
  22  2:30  Starport  
  22  2:33  SCV  
  24  2:51  SCV  
  24  2:53  Barracks Tech Lab  
  24  2:55  Hellion x2  
  28  3:00  Supply Depot  
  28  3:03  SCV  
  29  3:07  Medivac  
  31  3:13  Marine  
  31  3:15  SCV  
  31  3:18  Hellion  
  35  3:27  SCV  
  35  3:31  Supply Depot, Marine  
  37  3:39  SCV  
  41  3:51  SCV  
  42  4:00  Hellion  
  27  4:03  Marine  
  15  4:10  SCV  
Show
View Real Time Build Order
Export as new Build Order

wootwoot Zerg - Winner!

Build Orders: Hatch First, Zergling Baneling 

Get SALT Encoding   

  12  0:00  Drone  
  13  0:13  Overlord  
  13  0:16  Drone  
  14  0:31  Drone x2  
  16  0:48  Hatchery  
  15  0:51  Drone  
  15  0:53  Drone  
  15  0:56  Drone  
  18  0:58  Extractor  
  17  1:13  Spawning Pool  
  17  1:15  Drone  
  17  1:19  Drone  
  18  1:28  Drone  
  19  1:39  Overlord  
  19  2:00  Metabolic Boost  
  19  2:01  Queen x2  
  19  2:04  Zergling x2  
  19  2:08  Zergling x2  
  25  2:10  Zergling x2  
  25  2:15  Zergling x2  
  27  2:17  Zergling x2  
  28  2:27  Drone  
  28  2:28  Baneling Nest  
  28  2:30  Zergling x2  
  28  2:35  Zergling x2  
  28  2:37  Zergling x2  
  31  2:43  Overlord  
  31  2:50  Overlord  
  31  2:54  Zergling x2  
  31  2:57  Zergling x2  
  33  3:05  Zergling x4  
  35  3:14  Zergling x6  
  35  3:19  Zergling x2  
  39  3:31  Baneling x6  
  39  3:33  Baneling  
  39  3:34  Baneling  
  39  3:40  Zergling x2  
  39  3:41  Zergling x4  
  39  3:57  Zergling x12  
  44  4:07  Drone  
  44  4:08  Drone x2  
  47  4:11  Drone  
  46  4:17  Drone x2  
Tags
 
League
Platinum
Matchup
TvZ
Replay Pack
#1B2M-Replays
Spawn Locations
Cross Positions
Add a new tag
Caveats
  • Supply blocks, unpowered buildings, or Contaminate may cause inaccurate times.
  • Supply counts are checked every 10 seconds.